Map: Ruins of Endion

Players

Sheikah

  • Race: Terran Terran
  • League: Grandmaster

Dunmer - Winner!

  • Race: Terran Terran
  • League: Master

VOD

Have the link to the VOD?

Description

How to not to be a gm

Time

  • Played on: May 13, 2016, 5:44 p.m.
  • Length: 3:55
Show
View Real Time Build Order
Export as new Build Order

Sheikah Terran 

Build Orders:  

Get SALT Encoding   

  12  0:01  SCV  
  13  0:13  SCV  
  14  0:18  Supply Depot  
  14  0:25  SCV  
  15  0:40  SCV  
  15  0:41  Barracks  
  16  0:52  SCV  
  17  1:04  Barracks  
  17  1:10  Barracks  
  18  1:28  Supply Depot  
  18  1:29  Marine  
  18  1:32  Orbital Command  
  17  1:47  Marine  
  18  1:57  Barracks  
  18  2:01  Barracks  
  18  2:04  Marine  
  18  2:07  Marine  
  20  2:11  Marine  
  21  2:22  Marine  
  22  2:25  Marine  
  22  2:29  Marine  
  24  2:32  Supply Depot  
  24  2:39  Marine  
  24  2:43  Marine  
  26  2:44  Marine  
  26  2:47  Marine  
  26  2:48  Marine  
  29  2:57  Marine  
  30  2:58  Supply Depot  
  30  3:01  Marine  
  30  3:02  Marine  
  30  3:05  Marine  
  33  3:06  Marine  
  34  3:15  Marine  
  34  3:18  Marine  
  36  3:20  Marine  
  36  3:22  Marine  
  36  3:24  Marine  
  39  3:33  Marine  
  40  3:36  Marine  
Show
View Real Time Build Order
Export as new Build Order

Dunmer Terran - Winner!

Build Orders: 1/1/1, Widow Mine Drop 

Get SALT Encoding   

  12  0:01  SCV  
  13  0:13  SCV  
  14  0:18  Supply Depot  
  14  0:25  SCV  
  15  0:31  Refinery  
  15  0:39  SCV  
  16  0:45  Barracks  
  16  0:51  SCV  
  17  1:03  SCV  
  18  1:18  SCV  
  19  1:33  Orbital Command  
  19  1:34  Marine  
  19  1:36  Factory, Refinery  
  20  1:46  Supply Depot  
  20  1:51  Marine  
  20  1:59  SCV  
  21  2:09  Marine  
  21  2:11  SCV  
  23  2:19  Widow Mine  
  23  2:20  Starport  
  25  2:24  SCV  
  25  2:27  Marine  
  27  2:31  Supply Depot  
  27  2:36  SCV  
  28  2:47  Barracks Tech Lab  
  28  2:48  SCV, Widow Mine  
  31  2:58  Medivac  
  33  3:05  Supply Depot  
  33  3:15  SCV  
  33  3:17  Bunker  
  33  3:19  Factory Tech Lab  
  34  3:20  Marine  
  35  3:28  SCV  
  35  3:31  Supply Depot  
Tags
 
Add a new tag
Caveats
  • Supply blocks, unpowered buildings, or Contaminate may cause inaccurate times.
  • Supply counts are checked every 10 seconds.